 Dungeon Crawl Stone Soup version 0.22.1-5-g62c59d919a (webtiles) character file.

382 Erymatos the Chopper (level 6, -3/84 HPs)
             Began as a Minotaur Berserker on Jan 10, 2019.
             Was an Elder of Trog.
             Slain by a gnoll
             ... wielding a cursed +0 halberd
              (7 damage)
             ... on level 3 of the Dungeon.
             The game lasted 00:05:20 (2439 turns).

Erymatos the Chopper (Minotaur Berserker)           Turns: 2439, Time: 00:05:21

Health: -3/84      AC:  5    Str: 27    XL:     6   Next: 47%
Magic:  5/5        EV: 12    Int:  4    God:    Trog [****..]
Gold:   180        SH:  0    Dex: 11    Spells: 5/5 levels left

rFire    . . .     SeeInvis .   a - +0 hand axe
rCold    . . .     Gourm    .   (no shield)
rNeg     . . .     Faith    .   m - +0 ring mail
rPois    .         Spirit   .   (helmet restricted)
rElec    .         Reflect  .   (no cloak)
rCorr    .         Harm     .   (no gloves)
MR       .....                  (no boots)
Stlth    ..........             (no amulet)
HPRegen  0.24/turn              (no ring)
MPRegen  0.09/turn              (no ring)

@: berserking (expiring), very quick
A: retaliatory headbutt, horns 2
a: Berserk, Trog's Hand, Brothers in Arms, Renounce Religion


You were on level 3 of the Dungeon.
You worshipped Trog.
Trog was greatly pleased with you.
You were hungry.

You visited 1 branch of the dungeon, and saw 3 of its levels.

You collected 180 gold pieces.

Inventory:

Hand Weapons
 a - a +0 hand axe (weapon)
Armour
 b - a +0 animal skin
 m - a +0 ring mail (worn)
Scrolls
 e - a scroll of fear {unknown}
 g - a scroll of enchant weapon {unknown}
 h - 8 scrolls of identify {unknown}
 j - 4 scrolls of teleportation {unknown}
 n - a scroll of noise {unknown}
 o - 2 scrolls of blinking {unknown}
 s - 3 scrolls of remove curse {unknown}
 t - a scroll of immolation {unknown}
Potions
 d - 3 potions of agility {unknown}
 f - a potion of flight {unknown}
 i - 2 potions of curing {unknown}
 k - a potion of invisibility {unknown}
 l - 2 potions of degeneration {unknown}
 p - a potion of haste {unknown}
 q - a potion of brilliance {unknown}
 r - a potion of might {unknown}
 u - a potion of magic {unknown}
 w - a potion of heal wounds {unknown}
 x - a potion of cancellation {unknown}
Comestibles
 c - 4 rations
 v - 2 chunks of flesh


   Skills:
 + Level 5.3 Fighting
 + Level 6.5 Axes
 + Level 4.1 Armour
 + Level 3.2 Dodging


You had 5 spell levels left.
You didn't know any spells.
Your spell library was empty.

Dungeon Overview and Level Annotations

Branches:
Dungeon (3/15)

Altars:
Cheibriados
Nemelex Xobeh


Innate Abilities, Weirdness & Mutations

You reflexively headbutt those who attack you in melee.
You have a pair of horns on your head.


Message History

You feel agile.
You hit the big kobold.
The big kobold hits you but does no damage.
You closely miss the big kobold. You headbutt the big kobold!
You kill the big kobold!
Trog accepts your kill.
Your Armour skill increases to level 4!
You slash the gnoll!
The gnoll hits you from afar with a halberd!
* * * LOW HITPOINT WARNING * * *
You closely miss the gnoll. You headbutt the gnoll.
The gnoll is severely wounded.
The gnoll closely misses you. The gnoll barely misses you.
Unknown command.
You slash the gnoll!
You kill the gnoll!
Trog accepts your kill.
You completely miss the kobold. The kobold completely misses you.
The gnoll hits you from afar with a halberd!
You die...

≈≈≈≈≈≈≈≈≈≈≈≈≈≈
≈≈≈≈≈≈≈≈≈≈≈≈≈≈
################
#..............#
#.....)).......+
#+##.....)).......#
#......########....
#......# #....
#(@....########....
#K##..............#


#gK #..............' #$$ #........(.....# #$$ ################ ### You could see
a big kobold, a gnoll and a kobold.

Vanquished Creatures
  2 big kobolds (D:3)
  5 adders
  5 gnolls (D:3)
  An ooze (D:1)
  2 worms
  A dart slug (D:3)
  2 leopard geckos
  3 orcs (D:3)
  A giant cockroach (D:3)
  35 goblins
  27 hobgoblins
  14 kobolds
  4 quokkas (D:3)
  7 bats
  5 frilled lizards
  11 rats
125 creatures vanquished.

Notes
Turn   | Place    | Note
-------+----------+-------------------------------------------
     0 | D:1      | Erymatos the Minotaur Berserker began the quest for the
                  | Orb.
     0 | D:1      | Reached XP level 1. HP: 19/19 MP: 0/0
   151 | D:1      | Reached XP level 2. HP: 25/27 MP: 1/1
   162 | D:1      | Reached skill level 4 in Axes
   448 | D:1      | Reached XP level 3. HP: 25/33 MP: 2/2
   680 | D:2      | Reached ** piety under Trog
   754 | D:2      | Found a snail-covered altar of Cheibriados.
   822 | D:2      | Found a sparkling altar of Nemelex Xobeh.
  1300 | D:3      | Reached XP level 4. HP: 36/41 MP: 3/3
  1618 | D:3      | Found a snail-covered altar of Cheibriados.
  1626 | D:3      | Reached skill level 5 in Axes
  1922 | D:3      | Reached XP level 5. HP: 30/47 MP: 4/4
  2173 | D:3      | Reached *** piety under Trog
  2269 | D:3      | Reached skill level 5 in Fighting
  2405 | D:3      | Reached **** piety under Trog
  2435 | D:3      | Reached skill level 6 in Axes
  2435 | D:3      | Reached XP level 6. HP: 14/56 MP: 5/5
  2436 | D:3      | HP: 4/84 [gnoll/halberd (11)]
  2439 | D:3      | Slain by a gnoll

Skill      XL: |  1  2  3  4  5  6 |
---------------+-------------------+-----
Fighting       | 4 5 |  5.3
Axes           | 4 5 6 |  6.5
Armour         | 3 4 |  4.1
Dodging        | 3 |  3.2

Action                   |  1- 3 |  4- 6 || total
-------------------------+-------+-------++-------
Melee: Hand axe          |    83 |   132 ||   215
       Headbutt          |    11 |    20 ||    31
Invok: Berserk           |       |     3 ||     3
  Eat: Chunk             |       |     7 ||     7
Armor: Animal skin       |     4 |       ||     4
       Ring mail         |    20 |    46 ||    66
Dodge: Dodged            |    60 |   110 ||   170
